 Dungeon Crawl Stone Soup version 0.25.1-2-g60ff931df9 (webtiles) character file.

Game seed: 9921211373568457779

1810 H0rd4k the Insei (level 9, -8/55 HPs)
             Began as an Octopode Transmuter on Aug 6, 2020.
             Killed from afar by Maggie (21 damage)
             ... with a bolt of fire
             ... on level 7 of the Dungeon on Aug 7, 2020.
             The game lasted 00:13:12 (9529 turns).

H0rd4k the Insei (Octopode Transmuter)              Turns: 9529, Time: 00:13:14

Health: -8/55      AC:  1    Str:  9    XL:     9   Next: 10%
Magic:  16/16      EV: 16    Int: 18    God:
Gold:   258        SH:  0    Dex: 19    Spells: 12/18 levels left

rFire    . . .     SeeInvis .     - Unarmed
rCold    . . .     Gourm    .   (no shield)
rNeg     . . .     Faith    .   (helmet restricted)
rPois    .         Spirit   .   (no amulet)
rElec    .         Reflect  .   l - +6 ring of dexterity
rCorr    .         Harm     .   (no ring)
MR       .....                  (no ring)
Stlth    ++++......             (no ring)
HPRegen  0.18/turn              (no ring)
MPRegen  0.15/turn              (no ring)
                                (no ring)
                                (no ring)

@: appendage, mesmerised
A: almost no armour, stealthy swim, amphibious, 8 rings, constrict 8, tentacle
spike 3, camouflage 1, gelatinous body 1
a: End Transformation


You were on level 7 of the Dungeon.
You were hungry.
One of your tentacles had a temporary spike.
You visited 1 branch of the dungeon, and saw 8 of its levels.

You collected 405 gold pieces.
You spent 147 gold pieces at shops.

Inventory:

Missiles
 a - 134 arrows
 d - a throwing net
 h - 44 poisoned darts (quivered)
Magical Staves
 m - an uncursed staff of poison
Jewellery
 l - a +6 ring of dexterity (left tentacle)
 v - an uncursed ring of poison resistance {unknown}
Scrolls
 b - 2 scrolls of fear {unknown}
 e - 2 scrolls of immolation
 j - a scroll of noise
 k - 2 scrolls of remove curse {unknown}
 n - a scroll of teleportation
 o - a scroll of magic mapping {unknown}
 p - a scroll of enchant armour {unknown}
 r - a scroll of amnesia {unknown}
 t - a scroll of fog {unknown}
 u - a scroll of blinking
Potions
 f - 2 potions of magic
 g - a potion of might {unknown}
 q - a potion of flight
 s - a potion of stabbing {unknown}
Comestibles
 c - 4 rations


   Skills:
 + Level 2.7 Fighting
 + Level 1.0 Throwing
 + Level 4.0 Dodging
 + Level 6.1 Stealth
 + Level 7.2 Unarmed Combat
 * Level 5.0 Spellcasting
 * Level 4.7 Transmutations
 + Level 0.2 Poison Magic


You had 12 spell levels left.
You knew the following spells:

 Your Spells              Type           Power        Failure   Level  Hunger
a - Beastly Appendage     Tmut           ###...       1%          1    None
b - Sticks to Snakes      Tmut           ###.....     2%          2    #......
c - Spider Form           Tmut/Pois      ##........   14%         3    ##.....

Your spell library contained the following spells:

 Spells                   Type           Power        Failure   Level  Hunger
 Summon Small Mammal      Summ           #...         13%         1    None
 Call Imp                 Summ           #.......     21%         2    #......
 Call Canine Familiar     Summ           #.......     36%         3    ##.....
 Summon Guardian Golem    Hex/Summ       #.......     36%         3    ##.....
 Ice Form                 Ice/Tmut       ##......     45%         4    ####...
 Blade Hands              Tmut           ###.......   45%         5    ######.
 Summon Ice Beast         Ice/Summ       #.......     78%         4    ####...
 Summon Lightning Spire   Summ/Air       #.......     78%         4    ####...


Dungeon Overview and Level Annotations

Branches:
Dungeon (8/15)               Lair (0/6) D:8
 Temple: D:4-7

Altars:
Kikubaaqudgha
Makhleb
Trog
Xom
Zin
The Shining One

Shops:
D:8 ?

Annotations:
D:5 exclusion: slave, Edmund, Grinder
D:6 Prince Ribbit
D:7 Maggie
D:8 1 runed translucent door, Erica; Jujuru's ghost, novice DsFi


Innate Abilities, Weirdness & Mutations

You cannot wear most types of armour.
You are very stealthy in the water. (Stealth+)
You are amphibious.
You can wear up to eight rings at the same time.
You can use your tentacles to constrict eight enemies at once.
Your skin changes colour to match your surroundings (Stealth+).
Your rubbery body absorbs attacks. (AC +1, EV +1)
One of your tentacles bears a large vicious spike.


Message History

You constrict Maggie. Maggie closely misses you.
You tentacle-slap Maggie but do no damage.
You pierce Maggie.
You squeeze Maggie!
Maggie is heavily wounded.
You constrict Maggie. You tentacle-slap Maggie.
You pierce Maggie.
Maggie is heavily wounded.
You constrict Maggie.
Maggie hits you with a +2 morningstar of flaming!
* * * LOW HITPOINT WARNING * * *
Maggie burns you!
* * * LOW HITPOINT WARNING * * *
You feel better.
You constrict Maggie. Maggie barely misses you.
You tentacle-slap Maggie.
You pierce Maggie, but do no damage.
You tentacle-slap Maggie, but do no damage.
Maggie is severely wounded.
You constrict Maggie.
Maggie points at you and mumbles some strange words.
The bolt of fire hits you!!
You die...

#..# ....# #..# ...) #..# #..
#..# #.# #..# ##.# #..#
#######..########..#
#.......§§§........##
#....@@§§§§.........# ........
#.....§.§§§....###### .......#
#.....§§§..§.....# .......#
.......§§§........#####
.......#.......§§§§§.......#...#
.......#.#................#...##
......#..#...................##
........##.................###
.......# #................##


You could see Maggie (mesmerising).

Vanquished Creatures
  A water moccasin (D:7)
  A sky beast (D:8)
  A phantom (D:4)
  An ogre (D:5)
  A crocodile (D:8)
  4 bullfrogs
  3 scorpions
  A water moccasin skeleton (D:7)
  A killer bee (D:8)
  3 howler monkeys
  2 crimson imps
  A centaur skeleton (D:8)
  A quasit (D:5)
  3 hounds
  2 orc wizards
  2 orc priests
  A bullfrog skeleton (D:5)
  4 worker ants
  A hound skeleton (D:5)
  A gnoll (D:1)
  14 adders
  An adder zombie (D:7)
  3 worms
  6 dart slugs
  5 leopard geckos
  19 orcs
  5 giant cockroaches
  16 goblins
  9 hobgoblins
  4 jackals
  9 quokkas
  3 ball pythons (D:2)
  8 bats
  3 frilled lizards
  14 kobolds
  11 rats
165 creatures vanquished.

Notes
Turn   | Place    | Note
-------+----------+-------------------------------------------
     0 | D:1      | H0rd4k the Octopode Transmuter began the quest for the Orb.
     0 | D:1      | Reached XP level 1. HP: 13/13 MP: 3/3
   289 | D:1      | Reached XP level 2. HP: 18/18 MP: 5/5
   534 | D:1      | Reached XP level 3. HP: 20/23 MP: 6/6
  1512 | D:1      | Learned a level 2 spell: Sticks to Snakes
  1516 | D:1      | Learned a level 3 spell: Spider Form
  1725 | D:2      | Reached skill level 1 in Stealth
  1756 | D:2      | Reached skill level 4 in Unarmed Combat
  1756 | D:2      | Reached XP level 4. HP: 19/28 MP: 7/7
  1950 | D:2      | Found a burning altar of Makhleb.
  2168 | D:2      | Found a glowing golden altar of the Shining One.
  2168 | D:2      | Found a glowing silver altar of Zin.
  2173 | D:2      | Found an ancient bone altar of Kikubaaqudgha.
  2489 | D:2      | Found a bloodstained altar of Trog.
  2999 | D:2      | Reached XP level 5. HP: 24/33 MP: 6/8
  4147 | D:3      | Reached XP level 6. HP: 38/38 MP: 8/10
  4277 | D:3      | Reached skill level 5 in Unarmed Combat
  4910 | D:4      | Noticed a phantom
  4941 | D:4      | Found a burning altar of Makhleb.
  5184 | D:4      | Reached XP level 7. HP: 43/43 MP: 11/11
  6024 | D:5      | Entered Level 5 of the Dungeon
  6295 | D:5      | Noticed Edmund
  6797 | D:5      | Noticed Grinder
  6922 | D:5      | Reached skill level 6 in Unarmed Combat
  7192 | D:6      | Reached XP level 8. HP: 41/50 MP: 13/13
  7271 | D:6      | Noticed Prince Ribbit
  7895 | D:7      | Reached skill level 5 in Stealth
  8690 | D:8      | Found Mitagg's Magic Scroll Shop.
  8726 | D:8      | Reached skill level 7 in Unarmed Combat
  8964 | D:8      | Bought a scroll of teleportation for 42 gold pieces
  8964 | D:8      | Bought a scroll of blinking for 105 gold pieces
  9130 | D:8      | Noticed Erica
  9135 | D:8      | Reached XP level 9. HP: 21/55 MP: 12/16
  9381 | D:8      | Found a staircase to the Lair.
  9381 | D:8      | Found a runed translucent door.
  9381 | D:8      | Found a shimmering altar of Xom.
  9381 | D:8      | Noticed a +1 falchion of chaos
  9381 | D:8      | Noticed Jujuru's ghost (novice DsFi)
  9419 | D:8      | Reached skill level 1 in Throwing
  9445 | D:8      | Reached skill level 5 in Spellcasting
  9514 | D:7      | Noticed Maggie
  9529 | D:7      | Killed from afar by Maggie

Illustrated notes

Levels and vault maps discovered:
D:1:      elethiomel_arrival_maze, layout_loops_corners
D:2:      minmay_chambers_of_twos, layout_loops_corners, minitemple,
          lemuel_crystal_altar, first_ration, chequers_serial_rivers_micro_e,
          trog_hazing_becter
D:3:      layout_basic
D:4:      layout_basic, serial_rivers, chequers_serial_rivers_micro_b,
          chequers_serial_rivers_micro_d, chequers_serial_rivers_micro_a,
          chequers_serial_rivers_micro_d, chequers_serial_rivers_room_b,
          bloody_makhleb
D:5:      layout_gridville, led_sif_book, uniq_edmund, uniq_grinder, uniq_pikel
D:6:      layout_basic, temple_fountains, uniq_prince_ribbit1
D:7:      layout_cave_pods, uniq_maggie
D:8:      layout_cave_pods, erik_lair_orcish_takeover, serial_shops,
          nicolae_shop_statue_plus, ebering_ghost_xom, uniq_erica

Skill      XL: |  1  2  3  4  5  6  7  8  9 |
---------------+----------------------------+-----
Stealth        | 1 2 3 4 5 6 |  6.1
Unarmed Combat | 4 5 6 7 |  7.2
Transmutations | 3 4 |  4.7
Spellcasting   | 3 4 5 |  5.0
Dodging        | 3 4 |  4.0
Fighting       | 2 |  2.7
Throwing       | 1 |  1.0
Poison Magic   | |  0.2

Action                   |  1- 3 |  4- 6 |  7- 9 || total
-------------------------+-------+-------+-------++-------
Melee: Unarmed           |    77 |   185 |   209 ||   471
       Constrict         |    16 |    53 |    36 ||   105
       Tentacles         |     8 |    33 |    41 ||    82
       Punch             |     2 |     3 |    11 ||    16
       Kick              |       |    28 |    34 ||    62
Throw: Dart              |       |     5 |     9 ||    14
 Cast: Beastly Appendage |     1 |    17 |    20 ||    38
       Spider Form       |       |       |     3 ||     3
  Use: Scroll            |       |       |     7 ||     7
       Potion            |       |       |     3 ||     3
 Stab: Sleeping          |     5 |    10 |    12 ||    27
  Eat: Chunk             |     3 |    10 |    10 ||    23
       Ration            |       |       |     1 ||     1
Armor: Skin              |     5 |    10 |     9 ||    24
Dodge: Dodged            |    42 |   126 |   156 ||   324
